 Dungeon Crawl Stone Soup version 0.20-a0-201-g851c6fa (webtiles) character file.

49 feito the Slasher (level 3, -1/23 HPs)
             Began as a Tengu Berserker on Nov 24, 2016.
             Was a Believer of Trog.
             Slain by a worm (10 damage)
             ... on level 2 of the Dungeon.
             The game lasted 00:04:02 (864 turns).

feito the Slasher (Tengu Berserker)                  Turns: 864, Time: 00:04:04

Health: -1/23      AC:  5    Str: 17    XL:     3   Next: 75%
Magic:  4/4        EV: 11    Int:  7    God:    Trog [**....]
Gold:   87         SH:  0    Dex: 12    Spells: 2/2 levels left

rFire  . . .     SeeInvis .     a - +0 falchion
rCold  . . .     Gourm    .     f - +0 ring mail
rNeg   . . .     Faith    .     (no shield)
rPois  .         Spirit   .     (helmet restricted)
rElec  .         Reflect  .     (no cloak)
rCorr  .         Harm     .     (no gloves)
MR     .....                    (boots unavailable)
Stlth  ++........               (no amulet)
                                j - -2 ring of dexterity (curse)
                                e - ring of stealth

@: no status effects
A: beak, talons 3
a: Berserk, Trog's Hand, Burn Spellbooks, Renounce Religion


You were on level 2 of the Dungeon.
You worshipped Trog.
Trog was pleased with you.
You were not hungry.

You visited 1 branch of the dungeon, and saw 2 of its levels.

You collected 87 gold pieces.

Inventory:

Hand Weapons
 a - a +0 falchion (weapon)
Missiles
 o - 26 arrows
Armour
 b - a +0 animal skin
 f - a +0 ring mail (worn)
Jewellery
 e - a ring of stealth (left hand)
 j - a cursed -2 ring of dexterity (right hand)
 n - an uncursed ring of wizardry {unknown}
Scrolls
 h - a scroll of recharging
 i - a scroll of magic mapping {unknown}
 m - a scroll of teleportation {unknown}
Potions
 k - a potion of curing {unknown}
 l - a potion of lignification {unknown}
Comestibles
 c - a bread ration
 d - 7 chunks of flesh
 g - a meat ration


   Skills:
 * Level 3.6 Fighting
 * Level 4.0 Long Blades
 + Level 2.3 Armour
 + Level 2.5 Dodging
 + Level 0.9 Stealth


You had 2 spell levels left.
You didn't know any spells.

Dungeon Overview and Level Annotations

Branches:
Dungeon (2/15)

Altars:


Innate Abilities, Weirdness & Mutations

You have a beak for a mouth.
You have claws for feet.


Message History

The worm is moderately wounded.
The worm bites you!
You hit the worm.
The worm is heavily wounded.
The worm bites you.
You hit the worm.
The worm is heavily wounded.
You completely miss the worm.
The worm is heavily wounded.
The worm misses you.
You hit the worm but do no damage. You claw the worm.
The worm is severely wounded.
The bat barely misses you. The worm barely misses you.
You hit the worm. Your kick misses the worm.
The worm is almost dead.
The bat hits you but does no damage.
You hit the worm but do no damage. Your kick misses the worm.
The worm is almost dead.
The bat hits you. The worm bites you!
You die...

#.#..## #
###.#...##<#.........#
...........+.........+
#####...####.........
##.## ....... ###.#
..... #...# ####...##
#.### #...bw..#### #.#
#.# #@.....#
#.#######.###.#.##.#
#......<....#.#.#
#########.#.....#
#.#.........
#.......##.# #####.###
# #.# #..


You could see a worm and a bat.

Vanquished Creatures
  An adder (D:2)
  A worm (D:2)
  3 dart slugs (D:1)
  2 leopard geckos (D:1)
  A giant cockroach (D:1)
  4 goblins (D:1)
  8 hobgoblins
  5 bats
  2 frilled lizards (D:2)
  A rat (D:1)
28 creatures vanquished.

Vanquished Creatures (others)
  4 toadstools (D:1)
4 creatures vanquished.

Grand Total: 32 creatures vanquished

Notes
Turn   | Place    | Note
-------+----------+-------------------------------------------
     0 | D:1      | feito the Tengu Berserker began the quest for the Orb.
     0 | D:1      | Reached XP level 1. HP: 14/14 MP: 2/2
   200 | D:1      | Reached XP level 2. HP: 17/19 MP: 3/3
   414 | D:1      | Reached XP level 3. HP: 16/23 MP: 4/4
   672 | D:2      | Reached ** piety under Trog
   742 | D:2      | Reached skill level 4 in Long Blades
   864 | D:2      | Slain by a worm

Vault maps used:
D:1:      ldierk_walled_garden_2
D:2:      uniq_robin

Skill      XL: |  1  2  3 |
---------------+----------+-----
Long Blades    | 4 |  4.0
Fighting       | |  3.6
Armour         | |  2.3
Dodging        | |  2.5
Stealth        | |  0.9

Action                   || total
-------------------------++-------
Melee: Falchion          ||    83
       Peck              ||    16
       Kick              ||    18
  Use: Scroll            ||     1
 Stab: Sleeping          ||     5
Armor: Ring mail         ||    20
       Animal skin       ||     1
Dodge: Dodged            ||    50
       Rpst.: Falchion   ||     6
